 Dungeon Crawl Stone Soup version 0.32-a0-599-gba8f9cf90e (webtiles) character file.

Game seed: 17349041231819313808

1411 runemasterragnar the Ruffian (level 8, -4/64 HPs)
             Began as a Black Draconian Shapeshifter on Mar 2, 2024.
             Was an Initiate of Ashenzari.
             Slain by an orc warrior
             ... wielding a +0 spear
              (9 damage)
             ... in a bailey.
             The game lasted 00:07:32 (4343 turns).

runemasterragnar the Ruffian (DrSh)                 Turns: 4343, Time: 00:07:32

Health: -4/64      AC:  7    Str: 18    XL:     8   Next: 43%
Magic:  8/8        EV: 17    Int: 11    God:    Ashenzari [......]
Gold:   772        SH:  0    Dex: 11    Spells: 7/7 levels left

rFire   . .          .
                       - Unarmed
rCold   . . .        (shield currently unavailable)
rNeg    . . .        (body armour unavailable)
rPois   .            (helmet restricted)
rElec   +            C - +0 cloak of the Stellar Augurer {Dev, Bglg} (curse)
rCorr   .            (no gloves)
SInv    .            (no boots)
Will    +....        (no amulet)
Stlth   +            (no ring)
HPRegen 0.30/turn    (no ring)
MPRegen 0.11/turn

%: no passive effects
@: flux-form, enlightened, flying, glowing
A: glow, contaminating, reduced hp, galvanic breath, AC +6, unfitting armour,
electricity resistance, cold-blooded
a: Galvanic Breath, Begin Untransformation, Renounce Religion, Curse Item,
Shatter the Chains


You were in a bailey.
You worshipped Ashenzari.
Ashenzari was noncommittal.
You were something dangerously unstable.
You visited 2 branches of the dungeon, and saw 8 of its levels.
You also visited: Bailey.

You collected 772 gold pieces.

Inventory:

Hand Weapons
 e - the +0 quarterstaff "Yhietsick" {freeze, Str+5}
   (You found it on level 7 of the Dungeon)

   Str+5:     It affects your strength (+5).
 i - a +1 war axe of flaming
 z - a +1 falchion of flaming
Missiles
 t - 2 boomerangs (quivered)
 y - 6 poisoned darts
Armour
 C - the cursed +0 cloak of the Stellar Augurer (worn) {Dev, Bglg}
   (You found it on level 4 of the Dungeon)

   It has a curse which improves the following skills: Devices: Evocations and
   Shapeshifting.
   Beguiling: Hexes and Translocations.
Talismans
 b - a beast talisman
 c - a flux talisman (active)
 n - a blade talisman
Wands
 q - a wand of flame (44)
 H - a wand of warping (1)
Scrolls
 d - 2 scrolls of immolation {unknown}
 f - 2 scrolls of teleportation
 h - a scroll of vulnerability
 m - a scroll of enchant weapon {unknown}
 o - 2 scrolls of revelation {unknown}
 r - 3 scrolls of poison {unknown}
 s - a scroll of blinking {unknown}
 u - a scroll of enchant armour {unknown}
 G - a scroll of amnesia
Potions
 a - a potion of lignification
 g - a potion of attraction
 j - 2 potions of might
 l - a potion of brilliance
 p - a potion of curing
 D - a potion of haste {unknown}
 E - a potion of degeneration {unknown}
 F - 2 potions of cancellation {unknown}


   Skills:
 + Level 4.5 Fighting
 + Level 4.1 Dodging
 * Level 6.8 Unarmed Combat
 * Level 6.2(6.6) Shapeshifting


You had 7 spell levels left.
You didn't know any spells.
Your spell library contained the following spells:

 Spells                   Type           Power      Damage    Failure   Level
 Freeze                   Ice            0%         1d3       34%         1
 Sandblast                Erth           0%         2d4       34%         1
 Frozen Ramparts          Ice            0%         1d1       71%         3
 Hailstorm                Conj/Ice       0%         3d5       71%         3
 Passwall                 Erth           0%         N/A       71%         3
 Stone Arrow              Conj/Erth      0%         3d7       71%         3
 Brom's Barrelling Bould  Conj/Erth      0%         2d3       98%         4


Dungeon Overview and Level Annotations

Branches:
Dungeon (8/15)             Temple (1/1) D:4          Bailey (1/1)
   Lair: D:8-11

Altars:
Ashenzari
Dithmenos
Elyvilon
Gozag
Hepliaklqana
Kikubaaqudgha
Makhleb
Nemelex Xobeh
Okawaru
Qazlal
Xom
Yredelemnul
Zin

Shops:
D:5 [


Innate Abilities, Weirdness & Mutations

You are something dangerously unstable.
You glow with magical radiation, making you easy to see and hit.
Foes you strike become dangerously contaminated with magical radiation.
Your maximum health is decreased, since you lack skill for your form.
You are incapable of wielding weapons or throwing items.
You can breathe arcing electricity.
Your glossy black scales are hard. (AC +6)
You cannot fit into any form of body armour.
You are resistant to electric shocks. (rElec)
You are cold-blooded and may be slowed by cold attacks.


Message History

You hit the orc warrior but do no damage.
The orc warrior glows dangerously bright.
Your tail-slap misses the orc warrior.
The orc warrior is almost dead.
The orc warrior hits you with a +0 trident.
An orc comes into view. It is wielding a +0 halberd.
The orc warrior hits you with a +0 spear!
You hit the orc warrior but do no damage.
The orc warrior shudders as magic cascades through it!
You kill the orc warrior!
The orc warrior hits you with a +0 spear.
Unknown command.
You hit the orc warrior.
The orc warrior begins to glow.
The orc warrior is heavily wounded.
An orc warrior comes into view. It is wielding a +0 glaive.
The orc warrior hits you with a +0 spear!
* * * LOW HITPOINT WARNING * * *
You punch the orc warrior!
The orc warrior glows dangerously bright.
The orc warrior is severely wounded.
The orc completely misses you.
An orc comes into view. It is wielding a +0 trident.
You feel much better.
The orc warrior hits you with a +0 spear.
It was a potion of enlightenment.
You feel very buoyant.
You fly up into the air.
The orc warrior completely misses you. The orc warrior misses you.
The orc warrior hits you from afar with a +0 glaive!
* * * LOW HITPOINT WARNING * * *
The orc closely misses you.
The orc warrior hits you with a +0 spear.
* * * LOW HITPOINT WARNING * * *
The orc warrior hits you from afar with a +0 glaive!
* * * LOW HITPOINT WARNING * * *
The orc misses you.
The orc warrior attacks as it pursues you!
The orc warrior closely misses you. The orc warrior barely misses you.
The orc warrior hits you from afar with a +0 spear!
You die...

♣≈≈≈≈≈♣ ♣♣♣♣≈≈≈≈≈♣
♣♣..≈≈≈≈≈.♣
#♣..≈≈≈≈≈..♣
#...≈≈≈≈..####
##..≈≈≈≈≈..#$.####
###.....≈≈≈≈...#.....
♣♣♣...♣♣..≈≈≈p...##.o.
♣♣......♣..≈≈≈≈.o..#o.#
♣.........######o..#.ß#
♣..∩............o..#..#
♣...............)).'..#
♣................).'..#
♣..∩...............#..#
♣.........######...#.ß#
♣♣.........≈≈≈≈....#..#


You could see 2 orc warriors and an orc.

Vanquished Creatures
  Maggie (D:7)
  2 water moccasins
  An orc warrior (Bailey)
  A black bear (D:4)
  A centaur (D:5)
  2 scorpions (D:5)
  A gnoll sergeant (D:5)
  A howler monkey (D:4)
  3 hounds
  2 bombardier beetles
  3 iguanas
  Jessica (D:2)
  12 gnolls (D:5)
  3 adders (D:2)
  3 dart slugs
  A ribbon worm (D:2)
  3 orcs
  5 ball pythons
  7 bats
  5 endoplasms
  6 giant cockroaches
  12 goblins
  5 hobgoblins
  6 quokkas
  3 frilled lizards
  3 kobolds
  7 rats
100 creatures vanquished.

Vanquished Creatures (collateral kills)
  3 goblins (D:7)
3 creatures vanquished.

Grand Total: 103 creatures vanquished

Notes
Turn   | Place    | Note
-------+----------+-------------------------------------------
     0 | D:1      | runemasterragnar the Draconian Shapeshifter began the quest
                  | for the Orb.
     0 | D:1      | Reached XP level 1. HP: 16/16 MP: 1/1
    85 | D:1      | Reached XP level 2. HP: 22/23 MP: 2/2
   611 | D:1      | Reached XP level 3. HP: 20/28 MP: 3/3
  1263 | D:2      | Reached XP level 4. HP: 36/36 MP: 4/4
  1406 | D:2      | Noticed Jessica
  1424 | D:2      | Killed Jessica
  1693 | D:3      | Reached XP level 5. HP: 39/41 MP: 5/5
  2426 | D:4      | Found a staircase to the Ecumenical Temple.
  2438 | Temple   | Entered the Ecumenical Temple
  2443 | Temple   | Became a worshipper of Ashenzari the Shackled
  2555 | D:4      | Found a hazy altar of Hepliaklqana.
  2848 | D:4      | Noticed a black bear
  2868 | D:4      | Killed a black bear
  2869 | D:4      | Reached XP level 6. HP: 24/50 MP: 6/6
  2972 | D:4      | Found a white marble altar of Elyvilon.
  3223 | D:5      | Entered Level 5 of the Dungeon
  3252 | D:5      | Found Bitom's Antique Armour Boutique.
  3272 | D:5      | Reached skill level 5 in Unarmed Combat
  3526 | D:5      | Noticed a water moccasin
  3539 | D:5      | Killed a water moccasin
  3540 | D:5      | Your scales start taking on a glossy black colour.
  3540 | D:5      | Reached XP level 7. HP: 57/57 MP: 7/7
  3540 | D:5      | Gained mutation: You are resistant to electric shocks.
                  | (rElec) [Black Draconian growth]
  3547 | D:5      | Reached skill level 5 in Shapeshifting
  3916 | D:5      | You fall into a shaft and drop 3 floors!
  3922 | D:8      | Identified a scroll of acquirement
  3922 | D:8      | Acquired 498 gold pieces
  3923 | D:8      | Noticed a troll
  3938 | D:7      | Reached XP level 8. HP: 40/66 MP: 8/8
  4029 | D:7      | Identified the +0 quarterstaff "Yhietsick" {freeze, Str+5}
  4125 | D:7      | Found an opulent altar of Gozag.
  4169 | D:7      | Found a flagged portal.
  4171 | D:7      | Noticed Maggie
  4180 | D:7      | Killed Maggie
  4201 | Bailey   | Entered a bailey
  4343 | Bailey   | Slain by an orc warrior

Illustrated notes

Levels and vault maps discovered:
D:1:      dpeg_arrival_court, layout_loops_ring, kennysheep_flooded_box
D:2:      layout_basic, uniq_jessica
D:3:      layout_loops_ring
D:4:      layout_loops_ring, lemuel_round_altar, elyvilon_altar_3,
          minmay_temple_entry_offerings
D:5:      layout_basic, nicolae_uskayaw_suspiria, serial_shops,
          kennysheep_mini_moat, nicolae_grassy_gnolls
D:7:      layout_loops_corners, kennysheep_little_box,
          mainiacjoe_overflow_boulevard, grunt_gozag_breadcrumbs,
          enter_bailey_3, uniq_crazy_yiuf_cottage, uniq_maggie, uniq_menkaure
D:8:      layout_basic, mainiacjoe_overflow_alcove_4, kennysheep_cluttered_room
Temple:   hellmonk_temple_micro_hex
Bailey:   bailey_polearm_elven_captive_hellmonk, bailey

Skill      XL: |  1  2  3  4  5  6  7  8 |
---------------+-------------------------+-----
Dodging        | 2 3 4 |  4.1
Fighting       | 2 3 4 |  4.5
Unarmed Combat | 4 5 6 |  6.8
Shapeshifting  | 4 5 6 |  6.2

Action                     |  1- 3 |  4- 6 |  7- 9 || total
---------------------------+-------+-------+-------++-------
  Melee: Unarmed           |   109 |   123 |    70 ||   302
         Tailslap          |     7 |    15 |    10 ||    32
         Punch             |     2 |     3 |     3 ||     8
  Throw: Dart              |       |       |     3 ||     3
 Invoke: Curse Item        |       |       |     1 ||     1
Ability: Galvanic Breath   |       |       |     4 ||     4
  Evoke: Wand              |       |       |     5 ||     5
    Use: Potion            |       |     1 |     4 ||     5
         Scroll            |       |       |    11 ||    11
 Armour: Skin              |    65 |    84 |   106 ||   255
  Dodge: Dodged            |    77 |    72 |    49 ||   198
   Form: Flux              |       |       |     1 ||     1

Table legend: (Time is in decaauts)
 A = Elapsed time spent in this place.
 B = Non-inter-level travel time spent in this place.
 C = Inter-level travel time spent in this place.
 D = Time resting spent in this place.
 E = Time spent auto-exploring this place.
 F = Levels seen in this place.
 G = Mean time per level.
                   A        B        C        D        E       F      G
               +--------+--------+--------+--------+--------+-----+--------+
         Total |   4331 |   4093 |    238 |    126 |   3153 |   9 |  481.2 |
       Dungeon |   4177 |   3943 |    234 |    126 |   3037 |   7 |  596.7 |
        Temple |     12 |      8 |      4 |      0 |      0 |   1 |   12.0 |
        Bailey |    140 |    140 |      0 |      0 |    116 |   1 |  140.0 |
               +--------+--------+--------+--------+--------+-----+--------+

Top non-repeatable levels by time:
     D:4: 933 daAuts
     D:1: 883 daAuts
     D:2: 803 daAuts
     D:5: 685 daAuts
     D:3: 588 daAuts
     D:7: 268 daAuts
  Bailey: 140 daAuts
     D:8: 14 daAuts
  Temple: 12 daAuts
